 Dungeon Crawl Stone Soup version 0.28-a0-1594-ga885d4b3d6 (webtiles) character file.

Game seed: 12664600220397438961

1 lonewolfV2 the Ducker (level 1, -1/10 HPs)
             Began as a Felid Fighter on Jan 20, 2022.
             Slain by a rat (2 damage)
             ... on level 1 of the Dungeon.
             The game lasted 00:00:26 (37 turns).

lonewolfV2 the Ducker (Felid Fighter)                 Turns: 37, Time: 00:00:26

Health: -1/10      AC:  1    Str: 12    XL:     1   Next: 16%
Magic:  2/2        EV: 18    Int:  9    God:
Gold:   0          SH:  0    Dex: 15    Spells: 0/0 levels left
                                        Lives:  0   Deaths: 0

rFire   . . .      SeeInvis +     - Unarmed
rCold   . . .      Faith    .   (shield unavailable)
rNeg    . . .      Spirit   .   (armour unavailable)
rPois   .          Reflect  .   (helmet unavailable)
rElec   .          Harm     .   (cloak unavailable)
rCorr   .          Rampage  .   (gloves unavailable)
Will    .....                   (boots unavailable)
Stlth   +.........              (no amulet)
HPRegen 0.03/turn               (no ring)
MPRegen 0.08/turn               (no ring)

@: quick
A: very small, claws 1, fangs 3, see invisible, speed 1, shaggy fur 1, stealthy
paws, no weapons or thrown items, no armour, multi-lived
a: no special abilities


You were on level 1 of the Dungeon.
You visited 1 branch of the dungeon, and saw 1 of its levels.

Inventory:

Potions
 a - a potion of might


   Skills:
 + Level 3.0 Fighting
 + Level 4.0 Dodging
 + Level 4.0 Unarmed Combat


You couldn't memorise any spells.
You didn't know any spells.
Your spell library was empty.

Dungeon Overview and Level Annotations

Branches:
Dungeon (1/15)

Altars:


Innate Abilities, Weirdness & Mutations

You have sharp claws.
You have razor-sharp teeth.
You have supernaturally acute eyesight. (SInv)
You cover ground quickly. (Speed+)
You are covered in fur. (AC +1)
Your paws help you pounce on unaware monsters.
You are incapable of wielding weapons or throwing items.
You cannot wear armour.
You gain extra lives every three experience levels.


Message History

Found a stone staircase leading down.
A giant cockroach comes into view.
Found 26 sling bullets.
A giant cockroach is nearby!
Found 8 gold pieces.
The giant cockroach waves its antennae.
A ball python and a rat come into view.
The rat moves out of view.
The ball python hisses angrily.
The giant cockroach barely misses you.
You barely miss the giant cockroach. The giant cockroach bites you.
You barely miss the giant cockroach. Your bite misses the giant cockroach.
The giant cockroach misses you.
You scratch the giant cockroach but do no damage.
The giant cockroach bites you but does no damage. x2
You closely miss the giant cockroach. The giant cockroach bites you.
The rat barely misses you.
You closely miss the giant cockroach. The ball python barely misses you.
The ball python misses you. The giant cockroach misses you.
You barely miss the giant cockroach. The ball python misses you.
The ball python grabs you. The ball python constricts you. The rat bites you.
The giant cockroach barely misses you. The ball python bites you.
* * * LOW HITPOINT WARNING * * *
The ball python constricts you.
You scratch the giant cockroach.
You kill the giant cockroach!
The rat closely misses you. The ball python misses you.
The ball python constricts you.
You escape the ball python's grasp.
The rat misses you.
You see here a giant cockroach corpse.
The rat misses you. The ball python barely misses you.
The ball python grabs you. The ball python constricts you.
* * * LOW HITPOINT WARNING * * *
The rat misses you.
You see here a giant cockroach corpse.
You scratch the ball python.
You kill the ball python!
The rat bites you.
You die...

... #. .... . ......
. ....... .#
......########.#
###.##..>..(....###.
.#.....##.#.r........
.............@.#
..........####..$.#
..........####.##..#
...............# .#
..........###### ..
..........# #.
.........## .#..(...#
######.####


You could see a rat.

Vanquished Creatures
  A giant cockroach (D:1)
  A ball python (D:1)
2 creatures vanquished.

Notes
Turn   | Place    | Note
-------+----------+-------------------------------------------
     0 | D:1      | lonewolfV2 the Felid Fighter began the quest for the Orb.
     0 | D:1      | Reached XP level 1. HP: 10/10 MP: 2/2
    37 | D:1      | Slain by a rat

Illustrated notes

Levels and vault maps discovered:
D:1:      grunt_arrival_crossed_arrows, layout_rooms, minmay_misc_feat_chi

Action                   || total
-------------------------++-------
Melee: Unarmed           ||     8
Armor: Skin              ||     2
Dodge: Dodged            ||    14

Table legend: (Time is in decaauts)
 A = Elapsed time spent in this place.
 B = Non-inter-level travel time spent in this place.
 C = Inter-level travel time spent in this place.
 D = Time resting spent in this place.
 E = Time spent auto-exploring this place.
 F = Levels seen in this place.
 G = Mean time per level.
                   A        B        C        D        E       F      G
               +--------+--------+--------+--------+--------+-----+--------+
         Total |     30 |     30 |      0 |      0 |     16 |   1 |   30.0 |
       Dungeon |     30 |     30 |      0 |      0 |     16 |   1 |   30.0 |
               +--------+--------+--------+--------+--------+-----+--------+

Top non-repeatable levels by time:
     D:1: 30 daAuts
